 Dungeon Crawl Stone Soup version 0.17.1-2-g5865329 (webtiles) character file.

119 seren the Digger (level 5, 0/28 HPs)
             Began as a Gargoyle Earth Elementalist on Jan 18, 2016.
             Slain by an orc
             ... wielding a +0 war axe
              (4 damage)
             ... on level 2 of the Dungeon.
             The game lasted 00:14:45 (2383 turns).

seren the Digger (Gargoyle Earth Elementalist)      Turns: 2383, Time: 00:14:45

Health: 0/28       AC:  8    Str: 12    XL:     5   Next: 3%
Magic:  3/10       EV: 12    Int: 16    God:
Gold:   97         SH:  0    Dex: 10    Spells: 2 memorised, 7 levels left

rFire  . . .     SeeInvis .     f - +0 whip
rCold  . . .     Clarity  .     a - +0 robe
rNeg   + . .     SustAt   .     (no shield)
rPois  ∞         Gourm    .     (no helmet)
rElec  +         Spirit   .     (no cloak)
rCorr  .         Warding  .     j - +0 pair of gloves
rMut   .         Stasis   .     g - +0 pair of boots
MR     .....                    (no amulet)
Stlth  ++........               (no ring)
                                (no ring)

@: not resistant to hostile enchantments, unstealthy
A: negative energy resistance 1, electricity resistance, unbreathing,
petrification resistance, rot immunity, AC +4
a: no special abilities


You were on level 2 of the Dungeon.
You were not hungry.

You visited 1 branch of the dungeon, and saw 4 of its levels.

You collected 97 gold pieces.

Inventory:

Hand Weapons
 f - a +0 whip (weapon)
 u - a +0 blowgun
Missiles
 b - 94 stones (quivered)
 v - 18 poisoned needles
Armour
 a - a +0 robe (worn)
 g - a +0 pair of boots (worn)
 j - a +0 pair of gloves (worn)
Scrolls
 e - a scroll of recharging {unknown}
 h - a scroll of teleportation {unknown}
 k - a scroll of amnesia {unknown}
 l - a scroll of immolation {unknown}
 m - a scroll of identify {unknown}
 n - a scroll of remove curse {unknown}
 o - a scroll of fear {unknown}
Potions
 p - a potion of berserk rage {unknown}
 q - a potion of haste {unknown}
 r - 2 potions of curing {unknown}
 t - a potion of magic {unknown}
Books
 c - a book of Geomancy

   Spells                             Type                      Level
   a - Sandblast                      Earth                        1
   b - Stoneskin                      Transmutation/Earth          2
   c - Passwall                       Transmutation/Earth          3
   d - Stone Arrow                    Conjuration/Earth            3
   e - Petrify                        Transmutation/Earth          4
   f - Lee's Rapid Deconstruction     Earth                        5
Comestibles
 d - a bread ration
 i - 2 meat rations
 s - 2 fruits


   Skills:
 - Level 1.5 Dodging
 - Level 2.1 Stealth
 * Level 3.9 Spellcasting
 + Level 0.7 Conjurations
   Level 0.7 Transmutations
 + Level 4.6 Earth Magic


You had 7 spell levels left.
You knew the following spells:

 Your Spells              Type           Power        Failure   Level  Hunger
a - Sandblast             Erth           ###...       2%          1    None
b - Stone Arrow           Conj/Erth      ##....       17%         3    ###....


Dungeon Overview and Level Annotations

Branches:
Dungeon (4/15)
 Temple: D:4-7

Altars:
Kikubaaqudgha
Okawaru
Xom


Innate Abilities, Weirdness & Mutations

You are resistant to torment.
Your stone body is resilient (AC +4).
You are immune to poison.
You resist negative energy.
You are resistant to electric shocks.
You can survive without breathing.
You are immune to petrification.
You are immune to rotting.


Message History

The orc barely misses you.
You closely miss the orc.
The orc is moderately wounded.
The orc barely misses you.
You hit the orc but do no damage.
The orc is moderately wounded.
The orc barely misses you.
You hit the orc but do no damage.
The orc is moderately wounded.
The orc hits you but does no damage.
You closely miss the orc.
The orc is moderately wounded.
The orc hits you but does no damage.
You barely miss the orc.
The orc is moderately wounded.
The orc barely misses you.
You hit the orc but do no damage.
The orc is moderately wounded.
The orc hits you with a war axe.
You die...

#.# #.>..# #. #.#
#)#)## #. #.###
#.#.# #####. #...#
#.#.# #..... ###.#
##.#.#####.###.
#.###..............
#.....#.......####.
#.o##...#####.# #.
#.@##.#.# #.# #.
#..##...# #.# #.
#..##.#.# #.# #.
#..##.#.#####.####.
#..##..............
#..........##......
#...............###
#.#####.#####.#.# #
#....>........#.###


You could see an orc.

Vanquished Creatures
  7 adders
  2 worms (D:2)
  2 giant geckos (D:2)
  An orc (D:2)
  6 bats
  5 hobgoblins
  2 jackals (D:2)
  7 kobolds
  2 quokkas (D:2)
  2 ball pythons
  A giant cockroach (D:1)
  3 giant newts (D:2)
  8 goblins
  3 rats
51 creatures vanquished.

Notes
Turn   | Place    | Note
--------------------------------------------------------------
     0 | D:1      | seren the Gargoyle Earth Elementalist began the quest for the Orb.
     0 | D:1      | Reached XP level 1. HP: 10/10 MP: 3/3
   258 | D:1      | Reached XP level 2. HP: 15/15 MP: 3/5
   528 | D:2      | Reached skill level 4 in Earth Magic
   628 | D:2      | Reached XP level 3. HP: 10/19 MP: 5/7
   777 | D:2      | Found an ancient bone altar of Kikubaaqudgha.
   957 | D:2      | Found a shimmering altar of Xom.
   964 | D:2      | Found a shimmering altar of Xom.
  1107 | D:2      | Found a shimmering altar of Xom.
  1107 | D:2      | Found a shimmering altar of Xom.
  1108 | D:2      | Found a shimmering altar of Xom.
  1108 | D:2      | Found a shimmering altar of Xom.
  1111 | D:2      | Found a shimmering altar of Xom.
  1184 | D:2      | Found an iron altar of Okawaru.
  1282 | D:2      | Reached XP level 4. HP: 24/24 MP: 6/9
  1290 | D:2      | Learned a level 3 spell: Stone Arrow
  2202 | D:3      | Reached XP level 5. HP: 28/28 MP: 4/10
  2383 | D:2      | Slain by an orc

Action                   |  1- 3 |  4- 6 || total
-------------------------+-------+-------++-------
Melee: Whip              |    90 |    84 ||   174
Throw: Stone             |     1 |       ||     1
 Cast: Sandblast         |    21 |    43 ||    64
 Stab: Sleeping          |     1 |     1 ||     2
  Eat: Chunk             |     1 |     4 ||     5
